 Dungeon Crawl Stone Soup version 0.31.0-11-ge490571c62 (webtiles) character file.

Game seed: 2978630098407929470

151 DildoBatman the Conjurer (level 5, -7/38 HPs)
             Began as a Formicid Conjurer on Feb 10, 2024.
             Killed by divine providence
             ... invoked by an orc priest
              (18 damage)
             ... on level 4 of the Dungeon.
             The game lasted 00:13:30 (3462 turns).

DildoBatman the Conjurer (Formicid Conjurer)        Turns: 3462, Time: 00:13:31

Health: -7/38      AC:  2    Str: 12    XL:     5   Next: 59%
Magic:  6/9        EV: 12    Int: 19    God:
Gold:   110        SH:  0    Dex: 12    Spells: 2/10 levels left

rFire   . . .        a - +3 hand axe
rCold   . . .        (no shield)
rNeg    . . .        p - +0 robe
rPois   .            (helmet unavailable)
rElec   .            c - scarf {harm}
rCorr   .            (no gloves)
SInv    +            (no boots)
Will    .....        (no amulet)
Stlth   ++           h - ring of wizardry
HPRegen 0.26/turn    (no ring)
MPRegen 0.11/turn

%: harm (+30% outgoing, +20% incoming), wizardry (x1)
@: no status effects
A: permanent stasis, dig shafts and tunnels, antennae 3, four strong arms
a: Dig, Shaft Self


You were on level 4 of the Dungeon.
You visited 1 branch of the dungeon, and saw 4 of its levels.

You collected 110 gold pieces.

Inventory:

Hand Weapons
 a - a +3 hand axe (weapon)
Missiles
 j - 19 stones
 o - 11 poisoned darts
Armour
 c - a scarf of harm (worn)
 p - a +0 robe (worn)
Jewellery
 h - a ring of wizardry (left hand)
Scrolls
 m - a scroll of silence
 s - 2 scrolls of revelation
 z - a scroll of identify
Potions
 b - 2 potions of magic
 d - a potion of degeneration {unknown}
 f - 3 potions of haste {unknown}
 g - 3 potions of heal wounds {unknown}
 i - a potion of lignification {unknown}
 l - a potion of berserk rage {unknown}
 q - a potion of enlightenment {unknown}


   Skills:
 * Level 2.2 Fighting
 * Level 2.3 Armour
 - Level 2.0 Dodging
 - Level 3.0 Stealth
 * Level 3.0 Spellcasting
 * Level 4.2 Conjurations


You had 2 spell levels left.
You knew the following spells:

 Your Spells              Type           Power      Damage    Failure   Level
a - Searing Ray           Conj           38%        2d5       1%          2
b - Borgnjor's Vile Clut  Necr/Erth      1%         N/A       82%         5
c - Magic Dart            Conj           76%        1d6       1%          1

Your spell library contained the following spells:

 Spells                   Type           Power      Damage    Failure   Level
 Fulminant Prism          Conj/Alch      5%         3d7       26%         4
 Iskenderun's Mystic Bla  Conj/Tloc      11%        2d4       26%         4
 Animate Dead             Necr           2%         N/A       50%         4
 Death Channel            Necr           1%         N/A       100%        6


Dungeon Overview and Level Annotations

Branches:
Dungeon (4/15)
 Temple: D:4-7

Altars:


Innate Abilities, Weirdness & Mutations

You cannot be hasted, slowed, berserked, paralysed or teleported.
You can dig through walls and to a lower floor.
You have a pair of large antennae on your head. (SInv)
Your four strong arms can wield two-handed weapons with a shield.


Message History

Casting: Magic Dart (safe; 1% risk of failure)
Confirm with . or Enter, or press ? or * to list all spells.
Aiming: Magic Dart (safe; 1% risk of failure)
Press: ? - help, Shift-Dir - straight line, f - orc priest
Aim: an orc priest, wielding a +0 club (wandering, hasn't noticed you, 100% to hit)
The magic dart hits the orc priest.
The orc priest is lightly wounded.
The orc priest shouts!
You start resting.
An orc priest is nearby!
Casting: Magic Dart (safe; 1% risk of failure)
Confirm with . or Enter, or press ? or * to list all spells.
You can't see any susceptible monsters within range! (Use Z to cast anyway.)
The orc priest looks braver for a moment.
The orc priest mumbles some strange prayers to Beogh against you.
Beogh smites you!
There is a stone staircase leading up here.
Things that are here:
a scroll of teleportation; a scroll of blinking; a scroll of vulnerability
Casting: Magic Dart (safe; 1% risk of failure)
Confirm with . or Enter, or press ? or * to list all spells.
Aiming: Magic Dart (safe; 1% risk of failure)
Press: ? - help, Shift-Dir - straight line, f/p - orc priest
Aim: an orc priest, wielding a +0 club (lightly wounded, 100% to hit)
The magic dart hits the orc priest.
The orc priest is heavily wounded.
The orc wizard shouts!
Casting: Magic Dart (safe; 1% risk of failure)
Confirm with . or Enter, or press ? or * to list all spells.
Aiming: Searing Ray (safe; 1% risk of failure)
Press: ? - help, Shift-Dir - straight line, f/p - orc priest
Aim: an orc priest, wielding a +0 club (heavily wounded, 78% to hit)
The searing ray hits the orc priest.
The orc priest is almost dead. (Press . to maintain the ray.)
The orc priest invokes the aid of Beogh against you.
Beogh smites you!
The orc priest calls down the wrath of Beogh upon you.
Beogh smites you!
You die...

....# ....+
#######+#....
##..........#
#...........#
{#...........#
##.@..>o.....#
#.......o....#+##
#.#######.......#
#.. #..=o...+ #..
#.......# ....
#..)....# ####
#.........
#.........
#.o.......


You could see an orc priest and an orc wizard.

Vanquished Creatures
  A hound (D:3)
  An orc priest (D:4)
  3 adders (D:2)
  2 dart slugs
  2 orcs
  6 bats
  3 endoplasms
  3 giant cockroaches (D:1)
  4 goblins
  9 hobgoblins
  2 quokkas
  4 ball pythons
  2 frilled lizards
  7 kobolds
  5 rats
54 creatures vanquished.

Notes
Turn   | Place    | Note
-------+----------+-------------------------------------------
     0 | D:1      | DildoBatman the Formicid Conjurer began the quest for the
                  | Orb.
     0 | D:1      | Reached XP level 1. HP: 13/13 MP: 3/3
   700 | D:1      | Reached XP level 2. HP: 20/20 MP: 1/5
   703 | D:1      | Learned a level 2 spell: Searing Ray
   946 | D:1      | Found a faded altar of an unknown god.
  1105 | D:1      | Reached skill level 1 in Armour
  1105 | D:1      | Reached XP level 3. HP: 25/25 MP: 1/6
  1511 | D:2      | Reached skill level 1 in Fighting
  1738 | D:2      | Reached XP level 4. HP: 32/32 MP: 1/7
  2158 | D:2      | Reached skill level 4 in Conjurations
  2855 | D:3      | Reached XP level 5. HP: 36/38 MP: 3/9
  2861 | D:3      | Learned a level 5 spell: Borgnjor's Vile Clutch
  3462 | D:4      | Killed from afar by an orc priest

Illustrated notes

Levels and vault maps discovered:
D:1:      lightli_arrival_windingriver, layout_basic,
          ebering_ecumenical_altar_rust
D:2:      layout_loops_cross, serial_rivers, chequers_serial_rivers_room_b,
          chequers_serial_rivers_room_b, chequers_serial_rivers_micro_c,
          chequers_serial_rivers_large_a, chequers_serial_rivers_marsh
D:3:      layout_loops_ring, grunt_ministairs_2, st_stairs_14
D:4:      minmay_evil_eye, layout_gridville, mainiacjoe_overflow_brackets,
          serial_shops, nicolae_shop_pleasant_corner_grove

Skill      XL: |  1  2  3  4  5 |
---------------+----------------+-----
Dodging        | 2 |  2.0
Armour         | 1 2 |  2.3
Fighting       | 1 2 |  2.2
Stealth        | 3 |  3.0
Conjurations   | 4 |  4.2
Spellcasting   | 3 |  3.0

Action                     |  1- 3 |  4- 6 || total
---------------------------+-------+-------++-------
  Melee: Club              |     5 |       ||     5
         Unarmed           |     1 |       ||     1
         Short sword       |     4 |     1 ||     5
         Hand axe          |       |     7 ||     7
   Cast: Magic Dart        |    58 |    36 ||    94
         Searing Ray       |       |     5 ||     5
    Use: Scroll            |       |     5 ||     5
 Armour: Robe              |    12 |     7 ||    19
  Dodge: Dodged            |    13 |     6 ||    19
